 Dungeon Crawl Stone Soup version 0.13.0-11-g0187522 (webtiles) character file.

107 M4edhros the Sneak (level 3, -3/24 HPs)
             Began as an Octopode Artificer on Oct 18, 2013.
             Killed from afar by an orc wizard (10 damage)
             ... with a magic dart
             ... on Level 4 of the Dungeon.
             The game lasted 00:01:18 (578 turns).

M4edhros the Sneak (Octopode Artificer)              Turns: 578, Time: 00:01:22

HP  -3/24        AC  1     Str 10      XL: 3   Next: 33%
MP   4/4         EV 12     Int 15      God:
Gold 72          SH  0     Dex 12      Spells:  0 memorised,  2 levels left

Res.Fire  : . . .   See Invis. : .   a - +0 short sword
Res.Cold  : . . .   Warding    : .   (no shield)
Life Prot.: . . .   Conserve   : .   (helmet restricted)
Res.Poison: .       Res.Corr.  : .   (no amulet)
Res.Elec. : .       Clarity    : .   (no ring)
Sust.Abil.: . .     Spirit.Shd : .   (no ring)
Res.Mut.  : .       Stasis     : .   (no ring)
Res.Rott. : .       Flight     : .   (no ring)
Saprovore : . . .                    (no ring)
                                     (no ring)
                                     (no ring)
                                     (no ring)

@: not resistant to hostile enchantments, quite stealthy
A: almost no armour, amphibious, 8 rings, constrict 8, camouflage 1, AC +1
a: no special abilities


You were on level 4 of the Dungeon.
You were not hungry.

You visited 1 branch of the dungeon, and saw 4 of its levels.

You collected 52 gold pieces.

Inventory:

Hand weapons
 a - a +0,+0 short sword (weapon)
Missiles
 k - 4 javelins (quivered)
Magical devices
 b - a wand of flame (14)
 c - a wand of enslavement (12)
 d - a wand of random effects (14)
Comestibles
 f - a bread ration
 g - a meat ration
Scrolls
 i - a scroll of curse armour {unknown}
 j - a scroll of noise {unknown}
Potions
 h - a potion of brilliance {unknown}


   Skills:
 - Level 1.0 Fighting
 - Level 1.0 Short Blades
 - Level 2.0 Dodging
 + Level 4.5 Stealth
 - Level 3.2 Evocations


You had 2 spell levels left.
You didn't know any spells.

Dungeon Overview and Level Annotations

Branches:
Dungeon (4/27)
 Temple: D:4-7

Altars:


Innate Abilities, Weirdness & Mutations

You cannot wear most types of armour.
You are amphibious.
You can wear up to eight rings at the same time.
You can use your tentacles to constrict many enemies at once.
Your skin changes colour to match your surroundings (Stlth).
Your rubbery body absorbs attacks (AC +1).


Message History

Press: ? - help, Shift-Dir - straight line, f/p - orc wizard
Aim: an orc wizard, wielding an orcish dagger and wearing an orcish robe The orc wizard is charmed.
This wand has 13 charges left.
The worker ant closely misses you. It hits you.
* * * LOW HITPOINT WARNING * * *
Evoke which item? (* to show all) (? for menu, Esc to quit)
Zapping:
c - a wand of enslavement (13)
Press: ? - help, Shift-Dir - straight line, f - worker ant, p - orc wizard
Aim: a worker ant The worker ant is charmed.
This wand has 12 charges left.
You hear some strange, mumbled words.
You are confused.
Drink which item? (? for menu, Esc to quit)
You feel better.
It was a potion of curing.
Your orc wizard casts a spell.
Your orc wizard seems to speed up.
The orc hits your orc wizard with an orcish whip.
You hear some strange, mumbled words.
The magic dart hits you!
You die...

###### . #....#
########...
#....####...........
#.........)@oo......
#...<####...a.##....
#....# #######
###.## #.# #.# #.#
#.# #.#


You could see an orc, a friendly worker ant and a friendly orc wizard.

Vanquished Creatures
  A gnoll (D:2)
  A worm (D:3)
  3 orcs
  A bat (D:1)
  2 hobgoblins (D:1)
  A goblin (D:1)
  5 kobolds
  3 rats
17 creatures vanquished.

Notes
Turn   | Place    | Note
--------------------------------------------------------------
     0 | D:1      | M4edhros, the Octopode Artificer, began the quest for the Orb.
     0 | D:1      | Reached XP level 1. HP: 14/14 MP: 1/1
     0 | D:1      | Noticed an octopode zombie
     0 | D:1      | Noticed an octopode zombie
     8 | D:1      | Noticed a centaur zombie
    12 | D:1      | Noticed a minotaur zombie
    14 | D:1      | Noticed a human zombie
    16 | D:1      | Noticed a spriggan zombie
    16 | D:1      | Noticed an octopode zombie
   121 | D:1      | Reached XP level 2. HP: 19/19 MP: 3/3
   234 | D:2      | Reached skill level 4 in Stealth
   338 | D:3      | Reached XP level 3. HP: 20/24 MP: 4/4
   578 | D:4      | Killed from afar by an orc wizard

Action                   || total
-------------------------++-------
Melee: Short sword       ||    33
Evoke: Wand              ||     5
  Use: Potion            ||     1
 Stab: Sleeping          ||     5
